TOP OF THE 1ST |
Reading Fightin Phils batting - Pitching for Harrisburg Senators : RHP Jason Beck
|
Pitching: RHP Jason Beck
|
|
Batting: RHB Tony Perez
|
0-0: Foul Ball, location: 2F 0-1: Fly out, F9 (Flyball, 89D, EV 95.6 MPH)
|
Batting: RHB Chris Myers
|
0-0: Foul Ball, location: 2F 0-1: Ball 1-1: Foul Ball, location: 2F 1-2: Ball 2-2: Ground out 4-3 (Groundball, 4, EV 96.9 MPH)
|
Batting: RHB Alan Weller
|
0-0: Ball 1-0: Swinging Strike 1-1: Foul Ball, location: 2F 1-2: Foul Ball, location: 2F 1-2: Foul Ball, location: 2F 1-2: Foul Ball, location: 2F 1-2: Ball 2-2: Strikes out looking
|
Top of the 1st over - 0 runs, 0 hits, 0 errors, 0 left on base; Reading 0 - Harrisburg 0 |
BOTTOM OF THE 1ST |
Harrisburg Senators batting - Pitching for Reading Fightin Phils : RHP Lida Sestak
|
Pitching: RHP Lida Sestak
|
|
Batting: LHB Evan Oliveri
|
0-0: Ball 1-0: Fly out, F8 (Flyball, 78D, EV 97.5 MPH)
|
Batting: LHB Pat Aviles
|
0-0: Ball 1-0: Fly out, F7 (Line Drive, 7S, EV 98.8 MPH)
|
Batting: RHB Kevin Wick
|
0-0: Called Strike 0-1: Called Strike 0-2: Ball 1-2: Fly out, F3 (Popup, 34, EV 61.9 MPH)
|
Bottom of the 1st over - 0 runs, 0 hits, 0 errors, 0 left on base; Reading 0 - Harrisburg 0 |
TOP OF THE 2ND |
Reading Fightin Phils batting - Pitching for Harrisburg Senators : RHP Jason Beck
|
Batting: RHB Guan-pei Gao
|
0-0: Ball 1-0: Foul Ball, location: 2F 1-1: Ball 2-1: Ground out 5-3 (Groundball, 56, EV 81.9 MPH)
|
Batting: RHB Pablo Lopez
|
0-0: Ball 1-0: Ball 2-0: Swinging Strike 2-1: Fly out, F8 (Flyball, 8RS, EV 95.6 MPH)
|
Batting: LHB Alex Fernandez
|
0-0: Ball 1-0: DOUBLE (Line Drive, 89D, EV 105.6 MPH)
|
Batting: RHB Jose Corral
|
0-0: Ball 1-0: Called Strike 1-1: Foul Ball, location: 2F 1-2: Strikes out looking
|
Top of the 2nd over - 0 runs, 1 hit, 0 errors, 1 left on base; Reading 0 - Harrisburg 0 |
BOTTOM OF THE 2ND |
Harrisburg Senators batting - Pitching for Reading Fightin Phils : RHP Lida Sestak
|
Batting: RHB Paul Shell
|
0-0: Swinging Strike 0-1: Called Strike 0-2: Strikes out swinging
|
Batting: RHB Slavik Nebrodov
|
0-0: Ball 1-0: Ball 2-0: Swinging Strike 2-1: Ball 3-1: Foul Ball, location: 2F 3-2: Foul Ball, location: 2F 3-2: Base on Balls
|
Batting: RHB Pat Drader
|
0-0: Ball 1-0: Ball 2-0: Fielders Choice at 2nd, 6-4 (Groundball, 6, EV 90.0 MPH)
|
Batting: RHB John Savard
|
0-0: Ball Pat Drader steals 2nd base 1-0: Ball 2-0: SINGLE (Line Drive, 4MD, EV 94.4 MPH) Pat Drader to third Runner from 3rd tries for Home, SAFE, throw by CF to home
|
Batting: RHB John McNeill
|
0-0: Called Strike 0-1: Ball 1-1: Ball 2-1: Called Strike John Savard steals 2nd base (no throw) 2-2: Foul Ball, location: 2F 2-2: Foul Ball, location: 2F 2-2: Fly out, F7 (Flyball, 7, EV 92.5 MPH)
|
Bottom of the 2nd over - 1 run, 1 hit, 0 errors, 1 left on base; Reading 0 - Harrisburg 1 |
TOP OF THE 3RD |
Reading Fightin Phils batting - Pitching for Harrisburg Senators : RHP Jason Beck
|
Batting: RHB Prabhukumar Santhanakrishnan
|
0-0: Fly out, F1 (Line Drive, P, EV 69.4 MPH)
|
Batting: LHB Doug Frampton
|
0-0: Swinging Strike 0-1: Fly out, F7 (Line Drive, 78D, EV 90.6 MPH)
|
Batting: RHB Tony Perez
|
0-0: Ball 1-0: Foul Ball, location: 2F 1-1: Ground out 5-3 (Groundball, 56, EV 79.4 MPH)
|
Top of the 3rd over - 0 runs, 0 hits, 0 errors, 0 left on base; Reading 0 - Harrisburg 1 |
BOTTOM OF THE 3RD |
Harrisburg Senators batting - Pitching for Reading Fightin Phils : RHP Lida Sestak
|
Batting: RHB Antonio Morado
|
0-0: Swinging Strike 0-1: Ball 1-1: Called Strike 1-2: Strikes out looking
|
Batting: LHB Evan Oliveri
|
0-0: Foul Ball, location: 2F 0-1: Ball 1-1: Ball 2-1: Ball 3-1: Base on Balls
|
Batting: LHB Pat Aviles
|
0-0: Ball 1-0: Called Strike 1-1: Called Strike 1-2: Ball 2-2: Grounds into double play, 6-4-3 (Groundball, 6, EV 99.4 MPH)
|
Bottom of the 3rd over - 0 runs, 0 hits, 0 errors, 0 left on base; Reading 0 - Harrisburg 1 |
TOP OF THE 4TH |
Reading Fightin Phils batting - Pitching for Harrisburg Senators : RHP Jason Beck
|
Batting: RHB Chris Myers
|
0-0: Ball 1-0: Called Strike 1-1: Ground out 6-3 (Groundball, 56, EV 81.9 MPH)
|
Batting: RHB Alan Weller
|
0-0: Ball 1-0: Ball 2-0: SINGLE (Groundball, 34, EV 108.8 MPH)
|
Batting: RHB Guan-pei Gao
|
0-0: Called Strike 0-1: Called Strike 0-2: Ball 1-2: Ball 2-2: Ball Alan Weller steals 2nd base 3-2: Strikes out swinging
|
Batting: RHB Pablo Lopez
|
0-0: Ball 1-0: Called Strike 1-1: Ball 2-1: Ball 3-1: Foul Ball, location: 2F 3-2: Strikes out swinging
|
Top of the 4th over - 0 runs, 1 hit, 0 errors, 1 left on base; Reading 0 - Harrisburg 1 |
BOTTOM OF THE 4TH |
Harrisburg Senators batting - Pitching for Reading Fightin Phils : RHP Lida Sestak
|
Batting: RHB Kevin Wick
|
0-0: Called Strike 0-1: Ball 1-1: Ball 2-1: Foul Ball, location: 2F 2-2: Ground out 2-3 (Groundball, 2R, EV 69.4 MPH)
|
Batting: RHB Paul Shell
|
0-0: Ball 1-0: Foul Ball, location: 2F 1-1: Swinging Strike 1-2: Ball 2-2: Strikes out swinging
|
Batting: RHB Slavik Nebrodov
|
0-0: Ball 1-0: Ball 2-0: Foul Ball, location: 2F 2-1: SINGLE (Line Drive, 5D, EV 103.1 MPH)
|
Batting: RHB Pat Drader
|
0-0: Called Strike 0-1: Called Strike 0-2: Foul Ball, location: 2F 0-2: Foul Ball, location: 2F 0-2: Ball Wild Pitch! Slavik Nebrodov to second 1-2: Ball 2-2: Ground out 4-3 (Groundball, 4S, EV 83.8 MPH)
|
Bottom of the 4th over - 0 runs, 1 hit, 0 errors, 1 left on base; Reading 0 - Harrisburg 1 |
TOP OF THE 5TH |
Reading Fightin Phils batting - Pitching for Harrisburg Senators : RHP Jason Beck
|
Batting: LHB Alex Fernandez
|
0-0: SINGLE (Groundball, 34D, EV 95.0 MPH)
|
Batting: RHB Jose Corral
|
0-0: Fielders Choice at 2nd, 4-6 (Groundball, 34, EV 88.8 MPH)
|
Batting: RHB Prabhukumar Santhanakrishnan
|
0-0: Ball 1-0: Foul Ball, location: 2F 1-1: Fly out, F8 (Flyball, 8RD, EV 97.5 MPH)
|
Batting: LHB Doug Frampton
|
0-0: Ball 1-0: Called Strike 1-1: Foul Ball, location: 2F 1-2: Ball 2-2: Ball 3-2: Foul Ball, location: 2F 3-2: Strikes out swinging
|
Top of the 5th over - 0 runs, 1 hit, 0 errors, 1 left on base; Reading 0 - Harrisburg 1 |
BOTTOM OF THE 5TH |
Harrisburg Senators batting - Pitching for Reading Fightin Phils : RHP Lida Sestak
|
Batting: RHB John Savard
|
0-0: Ball 1-0: Called Strike 1-1: Ground out 5-3 (Groundball, 56S, EV 89.4 MPH)
|
Batting: RHB John McNeill
|
0-0: Called Strike 0-1: Ball 1-1: TRIPLE (Flyball, 78XD, EV 93.1 MPH)
|
Batting: RHB Antonio Morado
|
0-0: Ball 1-0: Ball 2-0: Ball 3-0: Called Strike 3-1: Base on Balls
|
Batting: LHB Evan Oliveri
|
0-0: Ball 1-0: Ball Antonio Morado steals 2nd base 2-0: Ball 3-0: Called Strike 3-1: Ground out 4-3 (Groundball, 34, EV 108.1 MPH) John McNeill scores Antonio Morado to third
|
Batting: LHB Pat Aviles
|
0-0: SINGLE (Flyball, 78S, EV 90.0 MPH) Antonio Morado scores
|
Batting: RHB Kevin Wick
|
0-0: Called Strike 0-1: Swinging Strike 0-2: Ball 1-2: Ball 2-2: Foul Ball, location: 2F 2-2: Ball 3-2: Base on Balls Pat Aviles to second
|
Pitching: RHP John Hughes
|
|
Batting: RHB Paul Shell
|
0-0: Swinging Strike 0-1: Foul Ball, location: 2F 0-2: Fly out, F8 (Line Drive, 89M, EV 97.5 MPH)
|
Bottom of the 5th over - 2 runs, 2 hits, 0 errors, 2 left on base; Reading 0 - Harrisburg 3 |
TOP OF THE 6TH |
Reading Fightin Phils batting - Pitching for Harrisburg Senators : RHP Jason Beck
|
Batting: RHB Tony Perez
|
0-0: Swinging Strike 0-1: Ground out U3 (Groundball, 34, EV 109.4 MPH)
|
Batting: RHB Chris Myers
|
0-0: Fly out, F5 (Line Drive, 5L, EV 67.5 MPH)
|
Batting: RHB Alan Weller
|
0-0: Called Strike 0-1: Ground out 4-3 (Groundball, 4, EV 83.8 MPH)
|
Top of the 6th over - 0 runs, 0 hits, 0 errors, 0 left on base; Reading 0 - Harrisburg 3 |
BOTTOM OF THE 6TH |
Harrisburg Senators batting - Pitching for Reading Fightin Phils : RHP John Hughes
|
Batting: RHB Slavik Nebrodov
|
0-0: Foul Ball, location: 2F 0-1: Ball 1-1: Ball 2-1: SINGLE (Line Drive, 6M, EV 103.8 MPH)
|
Batting: RHB Pat Drader
|
0-0: Foul Ball, location: 2F 0-1: Ball 1-1: Ball 2-1: Swinging Strike 2-2: Ball 3-2: Strikes out swinging
|
Batting: RHB John Savard
|
0-0: Called Strike 0-1: Ground out 5-3 (Groundball, 5S, EV 63.8 MPH) Slavik Nebrodov to second
|
Batting: RHB John McNeill
|
0-0: Called Strike 0-1: Fly out, F7 (Line Drive, 78M, EV 92.5 MPH)
|
Bottom of the 6th over - 0 runs, 1 hit, 0 errors, 1 left on base; Reading 0 - Harrisburg 3 |
TOP OF THE 7TH |
Reading Fightin Phils batting - Pitching for Harrisburg Senators : RHP Jason Beck
|
Batting: RHB Guan-pei Gao
|
0-0: Ball 1-0: Foul Ball, location: 2F 1-1: Ball 2-1: Ball 3-1: Ground out 6-3 (Groundball, 6, EV 88.1 MPH)
|
Batting: RHB Pablo Lopez
|
0-0: Called Strike 0-1: Ball 1-1: Called Strike 1-2: Strikes out swinging
|
Batting: LHB Alex Fernandez
|
0-0: Called Strike 0-1: Fly out, F9 (Flyball, 9D, EV 97.5 MPH)
|
Top of the 7th over - 0 runs, 0 hits, 0 errors, 0 left on base; Reading 0 - Harrisburg 3 |
BOTTOM OF THE 7TH |
Harrisburg Senators batting - Pitching for Reading Fightin Phils : RHP John Hughes
|
Batting: RHB Antonio Morado
|
0-0: Called Strike 0-1: Ball 1-1: Ball 2-1: SINGLE (Line Drive, 4MD, EV 108.8 MPH)
|
Batting: LHB Evan Oliveri
|
0-0: Ball 1-0: Ball 2-0: Ball 3-0: Foul Ball, location: 2F 3-1: Bunt missed! 3-2: Strikes out looking Antonio Morado steals 2nd base Batter strikes out.
|
Batting: LHB Pat Aviles
|
0-0: Ball Antonio Morado steals 3rd base 1-0: Ball 2-0: Ball 3-0: Called Strike 3-1: Foul Ball, location: 2F 3-2: Foul Ball, location: 2F 3-2: Base on Balls
|
Batting: RHB Kevin Wick
|
0-0: Fly out, F3 (Popup, 3S, EV 68.8 MPH)
|
Batting: RHB Paul Shell
|
0-0: Fielders Choice at 2nd, U4 (Groundball, 4M, EV 85.6 MPH)
|
Bottom of the 7th over - 0 runs, 1 hit, 0 errors, 2 left on base; Reading 0 - Harrisburg 3 |
TOP OF THE 8TH |
Reading Fightin Phils batting - Pitching for Harrisburg Senators : RHP Jason Beck
|
Batting: RHB Jose Corral
|
0-0: Ball 1-0: Ball 2-0: SINGLE (Groundball, 4D, EV 99.4 MPH)
|
Batting: RHB Prabhukumar Santhanakrishnan
|
0-0: Ball 1-0: Ball 2-0: Fly out, F8 (Flyball, 89M, EV 87.5 MPH)
|
Batting: LHB Doug Frampton
|
0-0: Ball 1-0: Ball 2-0: Swinging Strike 2-1: Swinging Strike 2-2: Strikes out swinging
|
Batting: RHB Tony Perez
|
0-0: Ball 1-0: Called Strike 1-1: Foul Ball, location: 2F 1-2: Foul Ball, location: 2F 1-2: Ball 2-2: Strikes out looking
|
Top of the 8th over - 0 runs, 1 hit, 0 errors, 1 left on base; Reading 0 - Harrisburg 3 |
BOTTOM OF THE 8TH |
Harrisburg Senators batting - Pitching for Reading Fightin Phils : RHP John Hughes
|
Pitching: RHP Danny Zuniga
|
|
Batting: RHB Slavik Nebrodov
|
0-0: Ball 1-0: Foul Ball, location: 2F 1-1: Foul Ball, location: 2F 1-2: Foul Ball, location: 2F 1-2: Ball 2-2: Ball 3-2: Strikes out swinging
|
Batting: RHB Pat Drader
|
0-0: Ball 1-0: Called Strike 1-1: Called Strike 1-2: Strikes out swinging
|
Batting: RHB John Savard
|
0-0: Ball 1-0: Fly out, F8 (Flyball, 8RD, EV 94.4 MPH)
|
Bottom of the 8th over - 0 runs, 0 hits, 0 errors, 0 left on base; Reading 0 - Harrisburg 3 |
TOP OF THE 9TH |
Reading Fightin Phils batting - Pitching for Harrisburg Senators : RHP Jason Beck
|
Pitching: RHP Stacey Kerssies
|
|
Batting: RHB Chris Myers
|
0-0: Ground out 5-3 (Groundball, 56S, EV 83.8 MPH)
|
Batting: RHB Alan Weller
|
0-0: Ball 1-0: Called Strike 1-1: Ground out 4-3 (Groundball, 34, EV 89.4 MPH)
|
Batting: RHB Guan-pei Gao
|
0-0: Called Strike 0-1: Ball 1-1: Ball 2-1: Foul Ball, location: 2F 2-2: Ball 3-2: Foul Ball, location: 2F 3-2: Fly out, F9 (Flyball, 89M, EV 81.9 MPH)
|
Top of the 9th over - 0 runs, 0 hits, 0 errors, 0 left on base; Reading 0 - Harrisburg 3 |
|